 Dungeon Crawl Stone Soup version 0.29.0-4-gdea44cf6ec (webtiles) character file.

Game seed: 14711987614905076407

37 apoch the Chopper (level 3, -4/31 HPs)
             Began as a Hill Orc Fighter on Aug 27, 2022.
             Was a Follower of Cheibriados.
             Slain by a gnoll
             ... wielding a +0 whip
              (7 damage)
             ... on level 2 of the Dungeon.
             The game lasted 00:02:01 (1480 turns).

apoch the Chopper (Hill Orc Fighter)                Turns: 1480, Time: 00:02:02

Health: -4/31      AC:  6    Str: 23    XL:     3   Next: 41%
Magic:  3/3        EV:  9    Int: 11    God:    Cheibriados [*.....]
Gold:   80         SH:  4    Dex: 13    Spells: 2/2 levels left

rFire   . . .      SeeInvis .   a - +0 war axe
rCold   . . .      Faith    .   c - +0 buckler
rNeg    . . .      Spirit   .   b - +0 scale mail
rPois   .          Reflect  .   (no helmet)
rElec   .          Harm     .   (no cloak)
rCorr   .          Rampage  .   (no gloves)
Will    .....                   (no boots)
Stlth   ..........              (no amulet)
HPRegen 0.10/turn               (no ring)
MPRegen 0.08/turn               (no ring)

@: very slow
A: no striking features
a: Renounce Religion, Bend Time


You were on level 2 of the Dungeon.
You worshipped Cheibriados.
Cheibriados was aware of your devotion.
You visited 1 branch of the dungeon, and saw 2 of its levels.

You collected 80 gold pieces.

Inventory:

Hand Weapons
 a - a +0 war axe (weapon)
Armour
 b - a +0 scale mail (worn)
 c - a +0 buckler (worn)
Jewellery
 f - a ring of protection from cold
Scrolls
 e - 3 scrolls of teleportation {unknown}
 g - 4 scrolls of enchant armour {unknown}
 k - 3 scrolls of blinking {unknown}
 l - a scroll of fear {unknown}
Potions
 d - a potion of might
 h - a potion of brilliance {unknown}
 j - a potion of curing {unknown}


   Skills:
 - Level 3.6 Fighting
 + Level 5.0 Axes
 - Level 3.2 Armour
 - Level 3.2 Shields


You had 2 spell levels left.
You didn't know any spells.
Your spell library contained the following spells:

 Spells                   Type           Power      Damage    Failure   Level
 Ensorcelled Hibernation  Hex/Ice        0%         N/A       87%         2
 Passwall                 Tmut/Erth      0%         N/A       87%         2
 Swiftness                Air            0%         N/A       98%         3


Dungeon Overview and Level Annotations

Branches:
Dungeon (2/15)

Altars:
Cheibriados

Shops:
D:1 *


Message History

The gnoll is moderately wounded.
The gnoll hits you but does no damage.
You throw a stone. The stone barely misses the gnoll. x2
The stone closely misses the gnoll.
The stone barely misses the gnoll.
The gnoll hits you but does no damage.
You throw a stone. The stone hits the gnoll.
The gnoll is moderately wounded.
The gnoll hits you but does no damage.
You throw a stone. The stone barely misses the gnoll. x2
The stone closely misses the gnoll.
The gnoll hits you from afar with a +0 spear.
You throw a stone. The stone barely misses the gnoll.
The stone hits the gnoll but does no damage.
The gnoll hits you from afar with a +0 spear.
You throw a stone. The stone closely misses the gnoll.
The stone hits the gnoll but does no damage.
The gnoll barely misses you.
You throw a stone.
The stone hits the gnoll but does no damage.
Unknown command.
You hit the gnoll.
The gnoll is moderately wounded.
The gnoll hits you with a +0 flail.
You hit the gnoll.
The gnoll is moderately wounded.
You hit the gnoll. The gnoll closely misses you.
The gnoll hits you from afar with a +0 spear.
The gnoll hits you but does no damage.
You barely miss the gnoll.
The gnoll is moderately wounded.
You slash the gnoll! The gnoll hits you but does no damage.
You block the gnoll's attack. The gnoll hits you but does no damage.
The gnoll barely misses you. The gnoll hits you with a +0 whip.
* * * LOW HITPOINT WARNING * * *
The gnoll hits you from afar with a +0 spear.
* * * LOW HITPOINT WARNING * * *
Unknown command.
The gnoll attacks as you move away! The gnoll hits you but does no damage.
The gnoll attacks as you move away! The gnoll hits you with a +0 whip!
You die...

#...######.....#
.##.# ###>..###
###.### . .##
#.......# #.## ..
#.......# ###..##.#
##.
#.......####......#
#
###...##......#.###
#...##.###..#.##..
####.###<###........
.#
#.....g@........####
...
#.####.#.###.......#
#. #g#.# ##...###.
##. ......gg#..
....# ..
##.#.##.#### ...# #
.. ..# ...# #.## ##
#.# ...# #.. #.#
...# #.# #.# . #..


You could see 4 gnolls.

Vanquished Creatures
  2 adders (D:2)
  A worm (D:1)
  A bat (D:1)
  4 endoplasms
  2 goblins (D:1)
  A hobgoblin (D:2)
  4 ball pythons
  A frilled lizard (D:2)
  A kobold (D:2)
17 creatures vanquished.

Notes
Turn   | Place    | Note
-------+----------+-------------------------------------------
     0 | D:1      | apoch the Hill Orc Fighter began the quest for the Orb.
     0 | D:1      | Reached XP level 1. HP: 19/19 MP: 1/1
    11 | D:1      | Reached skill level 3 in Axes
   203 | D:1      | Found a faded altar of an unknown god.
   209 | D:1      | Prayed at the altar of an unknown god.
   209 | D:1      | Became a worshipper of Cheibriados the Contemplative
   209 | D:1      | Reached * piety under Cheibriados
   379 | D:1      | Found Ninnexat's General Store.
   422 | D:1      | Reached XP level 2. HP: 26/26 MP: 2/2
   974 | D:1      | Reached skill level 4 in Axes
  1142 | D:2      | Reached XP level 3. HP: 27/31 MP: 3/3
  1385 | D:2      | Reached skill level 5 in Axes
  1480 | D:2      | Slain by a gnoll

Illustrated notes

Levels and vault maps discovered:
D:1:      dpeg_arrival_brainrot, layout_basic, basic_ecumenical_altar,
          serial_shops, nicolae_shop_hallway_plus
D:2:      layout_loops_cross, minmay_liquid_box, nicolae_eternal_life,
          minmay_statues_item

Skill      XL: |  1  2  3 |
---------------+----------+-----
Axes           | 3 4 5 |  5.0
Fighting       | |  3.6
Armour         | |  3.2
Shields        | |  3.2

Action                   || total
-------------------------++-------
Melee: War axe           ||    48
Throw: Stone             ||    18
Armor: Scale mail        ||    28
Dodge: Dodged            ||    17
Block: Buckler           ||     7
